TOP OF THE 1ST |
Tennessee Smokies batting - Pitching for Reading Fightin Phils : RHP Josh Howell
|
Pitching: RHP Josh Howell
|
|
Batting: LHB Nate Greening
|
0-0: Called Strike 0-1: Ball 1-1: Called Strike 1-2: Strikes out swinging
|
Batting: RHB Du Kim
|
0-0: Called Strike 0-1: Swinging Strike 0-2: Strikes out looking
|
Batting: LHB Daigo Ishii
|
0-0: Called Strike 0-1: Ball 1-1: Fly out, F7 (Flyball, 7S, EV 91.2 MPH)
|
Top of the 1st over - 0 runs, 0 hits, 0 errors, 0 left on base; Tennessee 0 - Reading 0 |
BOTTOM OF THE 1ST |
Reading Fightin Phils batting - Pitching for Tennessee Smokies : RHP Roberto Cruz
|
Pitching: RHP Roberto Cruz
|
|
Batting: RHB Mike Bell
|
0-0: DOUBLE (Line Drive, 78XD, EV 104.4 MPH)
|
Batting: RHB Chris Myers
|
0-0: Called Strike 0-1: SINGLE (Groundball, 6M, EV 102.5 MPH) Mike Bell to third Runner from 3rd tries for Home, SAFE, throw by CF to home
|
Batting: RHB Guan-pei Gao
|
0-0: Called Strike 0-1: Called Strike 0-2: Ball 1-2: Ground out 5-3 (Groundball, 56, EV 80.0 MPH) Chris Myers to second
|
Batting: RHB Victor Arroyo
|
0-0: Ball 1-0: Ball 2-0: Ball 3-0: Called Strike 3-1: Foul Ball, location: 2F 3-2: Base on Balls
|
Batting: RHB John Manocchio
|
0-0: Foul Ball, location: 2F 0-1: Ball 1-1: SINGLE (Flyball, 4MD, EV 89.4 MPH) Chris Myers to third Victor Arroyo to second
|
Batting: RHB David Clough
|
0-0: Ball 1-0: Called Strike 1-1: Called Strike 1-2: Ball 2-2: Ball 3-2: Grounds into double play, 6-4-3 (Groundball, 6, EV 86.9 MPH)
|
Bottom of the 1st over - 1 run, 3 hits, 0 errors, 2 left on base; Tennessee 0 - Reading 1 |
TOP OF THE 2ND |
Tennessee Smokies batting - Pitching for Reading Fightin Phils : RHP Josh Howell
|
Batting: RHB Ricky Ramirez
|
0-0: Ground out 6-3 (Groundball, 6, EV 101.2 MPH)
|
Batting: RHB Juan Bonilla
|
0-0: Foul Ball, location: 2F 0-1: Ball 1-1: Ground out 4-3 (Groundball, 34D, EV 78.8 MPH)
|
Batting: RHB Armando Vilano
|
0-0: Called Strike 0-1: Ball 1-1: Ball 2-1: Ball 3-1: Called Strike 3-2: Strikes out looking
|
Top of the 2nd over - 0 runs, 0 hits, 0 errors, 0 left on base; Tennessee 0 - Reading 1 |
BOTTOM OF THE 2ND |
Reading Fightin Phils batting - Pitching for Tennessee Smokies : RHP Roberto Cruz
|
Pitching: RHP Anastagio Fasola
|
|
Batting: SHB Marco de Leon
|
0-0: Swinging Strike 0-1: Ball 1-1: Ball 2-1: Ball 3-1: Base on Balls
|
Batting: RHB Victor Arias
|
0-0: Swinging Strike 0-1: Swinging Strike 0-2: Ball 1-2: Ball 2-2: Hit by Pitch Marco de Leon to second
|
Batting: RHB Jake Cox
|
0-0: Foul Ball, location: 2F 0-1: Fielders Choice at 2nd, 6-4 (Groundball, 6, EV 86.2 MPH) Marco de Leon to third
|
Batting: RHB Mike Bell
|
0-0: Ball 1-0: Called Strike 1-1: Foul Ball, location: 2F 1-2: Ball 2-2: Fly out, F7 (Line Drive, 7, EV 92.5 MPH)
|
Batting: RHB Chris Myers
|
0-0: Foul Ball, location: 2F 0-1: SINGLE (Groundball, 56S, EV 65.0 MPH) (infield hit) Marco de Leon scores Jake Cox to second
|
Pitching: RHP Bogdan Sdobnyakov
|
|
Batting: RHB Guan-pei Gao
|
0-0: Ball 1-0: Ball 2-0: Ball 3-0: Base on Balls Jake Cox to third Chris Myers to second
|
Batting: RHB Victor Arroyo
|
0-0: Ball 1-0: Foul Ball, location: 2F 1-1: Ball 2-1: Ball 3-1: Base on Balls Jake Cox scores Chris Myers to third Guan-pei Gao to second
|
Batting: RHB John Manocchio
|
0-0: Ball 1-0: Ball 2-0: Ball 3-0: Called Strike 3-1: Foul Ball, location: 2F 3-2: Base on Balls Chris Myers scores Guan-pei Gao to third Victor Arroyo to second
|
Batting: RHB David Clough
|
0-0: Foul Ball, location: 2F 0-1: Called Strike 0-2: Foul Ball, location: 2F 0-2: Ball 1-2: Ball 2-2: Ball 3-2: Foul Ball, location: 2F 3-2: Foul Ball, location: 2F 3-2: Base on Balls Guan-pei Gao scores Victor Arroyo to third John Manocchio to second
|
Pitching: LHP Ricardo Saucedo
|
|
Batting: SHB Marco de Leon
|
0-0: Ball 1-0: Ball 2-0: Ball 3-0: Called Strike 3-1: Foul Ball, location: 2F 3-2: Ground out 5-3 (Groundball, 5, EV 101.2 MPH)
|
Bottom of the 2nd over - 4 runs, 1 hit, 0 errors, 3 left on base; Tennessee 0 - Reading 5 |
TOP OF THE 3RD |
Tennessee Smokies batting - Pitching for Reading Fightin Phils : RHP Josh Howell
|
Batting: RHB Taylor Garofalo
|
0-0: Ball 1-0: Ball 2-0: Ball 3-0: Called Strike 3-1: Called Strike 3-2: Foul Ball, location: 2F 3-2: Foul Ball, location: 2F 3-2: Strikes out looking
|
Batting: LHB Emir Jalil
|
0-0: Ball 1-0: Ball 2-0: SINGLE (Groundball, 56, EV 97.5 MPH)
|
Batting: RHB Dylan Burke
|
0-0: Ground out 5-3 (Groundball, 56S, EV 66.9 MPH) Emir Jalil to second
|
Batting: LHB Nate Greening
|
0-0: Foul Ball, location: 2F 0-1: Ground out 4-3 (Groundball, 4, EV 80.0 MPH)
|
Top of the 3rd over - 0 runs, 1 hit, 0 errors, 1 left on base; Tennessee 0 - Reading 5 |
BOTTOM OF THE 3RD |
Reading Fightin Phils batting - Pitching for Tennessee Smokies : LHP Ricardo Saucedo
|
Batting: RHB Victor Arias
|
0-0: Called Strike 0-1: Ball 1-1: Swinging Strike 1-2: Ball 2-2: Ball 3-2: SINGLE (Groundball, 4D, EV 98.1 MPH)
|
Batting: RHB Jake Cox
|
0-0: Ball 1-0: Called Strike 1-1: Ball 2-1: Ball 3-1: Base on Balls Victor Arias to second
|
Batting: RHB Mike Bell
|
0-0: Ball 1-0: Ball 2-0: Called Strike 2-1: Swinging Strike 2-2: Strikes out swinging
|
Pitching: RHP Velimir Sljivancanin
|
|
Batting: RHB Chris Myers
|
0-0: Called Strike 0-1: Ball 1-1: Foul Ball, location: 2F 1-2: Ball 2-2: Ball 3-2: Fielders Choice at 2nd, 6-4 (Groundball, 6, EV 82.5 MPH) Victor Arias to third
|
Batting: RHB Guan-pei Gao
|
0-0: Ball Chris Myers steals 2nd base (no throw) 1-0: Swinging Strike 1-1: Fly out, F8 (Flyball, 8RD, EV 100.0 MPH)
|
Bottom of the 3rd over - 0 runs, 1 hit, 0 errors, 2 left on base; Tennessee 0 - Reading 5 |
TOP OF THE 4TH |
Tennessee Smokies batting - Pitching for Reading Fightin Phils : RHP Josh Howell
|
Batting: RHB Du Kim
|
0-0: Fly out, F8 (Flyball, 8LD, EV 87.5 MPH)
|
Batting: LHB Daigo Ishii
|
0-0: Ball 1-0: Called Strike 1-1: Foul Ball, location: 2F 1-2: Strikes out swinging
|
Batting: RHB Ricky Ramirez
|
0-0: SINGLE (Flyball, 6MD, EV 83.8 MPH)
|
Batting: RHB Juan Bonilla
|
0-0: Foul Ball, location: 2F 0-1: Foul Ball, location: 2F 0-2: Strikes out swinging
|
Top of the 4th over - 0 runs, 1 hit, 0 errors, 1 left on base; Tennessee 0 - Reading 5 |
BOTTOM OF THE 4TH |
Reading Fightin Phils batting - Pitching for Tennessee Smokies : RHP Velimir Sljivancanin
|
Batting: RHB Victor Arroyo
|
0-0: Ball 1-0: Ground out U3 (Groundball, 3, EV 104.4 MPH)
|
Batting: RHB John Manocchio
|
0-0: Ball 1-0: Ball 2-0: Ball 3-0: Called Strike 3-1: Foul Ball, location: 2F 3-2: Ground out 1-3 (Groundball, 15S, EV 68.1 MPH)
|
Batting: RHB David Clough
|
0-0: Ball 1-0: Ball 2-0: SINGLE (Flyball, 4MD, EV 88.8 MPH) - OUT at second base trying to stretch hit.
|
Bottom of the 4th over - 0 runs, 1 hit, 0 errors, 0 left on base; Tennessee 0 - Reading 5 |
TOP OF THE 5TH |
Tennessee Smokies batting - Pitching for Reading Fightin Phils : RHP Josh Howell
|
Batting: RHB Armando Vilano
|
0-0: Foul Ball, location: 2F 0-1: Ball 1-1: Foul Ball, location: 2F 1-2: Ball 2-2: Foul Ball, location: 2F 2-2: Ball 3-2: Foul Ball, location: 2F 3-2: Foul Ball, location: 2F 3-2: Ground out 6-3 (Groundball, 6, EV 100.6 MPH)
|
Batting: RHB Taylor Garofalo
|
0-0: Ground out 6-3 (Groundball, 4MS, EV 68.1 MPH)
|
Batting: LHB Emir Jalil
|
0-0: Reached on error, E8 (Flyball, 8RM, EV 86.9 MPH)
|
Batting: RHB Dylan Burke
|
0-0: Swinging Strike 0-1: Ball 1-1: Called Strike 1-2: Ball 2-2: Foul Ball, location: 2F 2-2: Foul Ball, location: 2F 2-2: Foul Ball, location: 2F 2-2: SINGLE (Groundball, 6MD, EV 98.8 MPH) Emir Jalil to third Runner from 3rd tries for Home, SAFE, throw by CF to home Dylan Burke to second
|
Batting: LHB Nate Greening
|
0-0: Foul Ball, location: 2F 0-1: Ball Wild Pitch! Dylan Burke to third 1-1: SINGLE (Groundball, 56S, EV 68.1 MPH) (infield hit) Dylan Burke scores
|
Batting: RHB Du Kim
|
0-0: Called Strike Nate Greening steals 2nd base 0-1: Ground out 1-3 (Groundball, 15S, EV 70.6 MPH)
|
Top of the 5th over - 2 runs, 2 hits, 1 error, 1 left on base; Tennessee 2 - Reading 5 |
BOTTOM OF THE 5TH |
Reading Fightin Phils batting - Pitching for Tennessee Smokies : RHP Velimir Sljivancanin
|
Pitching: RHP Jose Ramirez
|
|
Batting: SHB Marco de Leon
|
0-0: Foul Ball, location: 2F 0-1: Foul Ball, location: 2F 0-2: Ball 1-2: Ball 2-2: Ball 3-2: Fly out, F8 (Flyball, 78M, EV 72.5 MPH)
|
Batting: RHB Victor Arias
|
0-0: Ball 1-0: Ball 2-0: Foul Ball, location: 2F 2-1: Foul Ball, location: 2F 2-2: Foul Ball, location: 2F 2-2: Ball 3-2: Foul Ball, location: 2F 3-2: TRIPLE (Flyball, 9LD, EV 109.4 MPH)
|
Batting: RHB Jake Cox
|
0-0: Called Strike 0-1: Ball 1-1: 2-RUN HOME RUN (Line Drive, 7LD, EV 91.2 MPH), Distance : 332 ft
|
Batting: RHB Mike Bell
|
0-0: Called Strike 0-1: Ball 1-1: Ball 2-1: SOLO HOME RUN (Flyball, 7D, EV 95.6 MPH), Distance : 356 ft
|
Batting: RHB Chris Myers
|
0-0: SINGLE (Groundball, 6D, EV 96.2 MPH)
|
Batting: RHB Guan-pei Gao
|
0-0: Ball 1-0: Ball 2-0: Ball 3-0: Base on Balls Chris Myers to second
|
Batting: RHB Victor Arroyo
|
0-0: Called Strike 0-1: Called Strike 0-2: Ball 1-2: Foul Ball, location: 2F 1-2: Foul Ball, location: 2F 1-2: Foul Ball, location: 2F 1-2: Foul Ball, location: 2F 1-2: Ball 2-2: Reached on error, E5 (Groundball, 56S, EV 91.2 MPH) Chris Myers to third Guan-pei Gao to second
|
Batting: RHB John Manocchio
|
0-0: Called Strike 0-1: Ball 1-1: Swinging Strike 1-2: SINGLE (Line Drive, 89S, EV 99.4 MPH) Chris Myers scores Guan-pei Gao to third Victor Arroyo to second
|
Batting: RHB David Clough
|
0-0: Foul Ball, location: 2F 0-1: Foul Ball, location: 2F 0-2: Ball 1-2: Ball 2-2: Ball 3-2: Strikes out swinging
|
Batting: SHB Marco de Leon
|
0-0: Ball 1-0: Ball 2-0: Ball 3-0: Called Strike 3-1: Base on Balls Guan-pei Gao scores Victor Arroyo to third John Manocchio to second
|
Batting: RHB Victor Arias
|
0-0: Ball 1-0: Swinging Strike 1-1: DOUBLE (Groundball, 5L, EV 103.1 MPH) Victor Arroyo scores John Manocchio scores Marco de Leon to third Runner from 3rd tries for Home, SAFE, throw by LF to home
|
Pitching: RHP Denis Rachin
|
|
Batting: RHB Jake Cox
|
0-0: Foul Ball, location: 2F 0-1: Ball 1-1: Foul Ball, location: 2F 1-2: Ball 2-2: Ground out 6-3 (Groundball, 6, EV 111.2 MPH)
|
Bottom of the 5th over - 8 runs, 6 hits, 1 error, 1 left on base; Tennessee 2 - Reading 13 |
TOP OF THE 6TH |
Tennessee Smokies batting - Pitching for Reading Fightin Phils : RHP Josh Howell
|
Batting: LHB Daigo Ishii
|
0-0: Ball 1-0: Foul Ball, location: 2F 1-1: SINGLE (Line Drive, 4M, EV 108.1 MPH)
|
Batting: RHB Ricky Ramirez
|
0-0: Called Strike 0-1: Swinging Strike 0-2: Ball 1-2: Ground out 6-3 (Groundball, 6M, EV 101.9 MPH) Daigo Ishii to second
|
Batting: RHB Juan Bonilla
|
0-0: Foul Ball, location: 2F 0-1: Swinging Strike 0-2: Ground out 4-3 (Groundball, 4, EV 96.2 MPH) Daigo Ishii to third
|
Batting: RHB Armando Vilano
|
0-0: Ball 1-0: Foul Ball, location: 2F 1-1: Swinging Strike 1-2: Ball 2-2: Ball 3-2: Foul Ball, location: 2F 3-2: Strikes out swinging
|
Top of the 6th over - 0 runs, 1 hit, 0 errors, 1 left on base; Tennessee 2 - Reading 13 |
BOTTOM OF THE 6TH |
Reading Fightin Phils batting - Pitching for Tennessee Smokies : RHP Denis Rachin
|
Batting: RHB Mike Bell
|
0-0: Fly out, F4 (Popup, 34D, EV 54.4 MPH)
|
Batting: RHB Chris Myers
|
0-0: SINGLE (Groundball, 56S, EV 68.8 MPH) (infield hit)
|
Batting: RHB Guan-pei Gao
|
0-0: Ball 1-0: DOUBLE (Groundball, 5L, EV 110.6 MPH) Chris Myers to third Runner from 3rd tries for Home, SAFE, no throw by LF
|
Batting: RHB Victor Arroyo
|
0-0: Ball 1-0: Ground out 5-3 (Groundball, 56, EV 89.4 MPH)
|
Batting: RHB John Manocchio
|
0-0: Ball 1-0: Called Strike 1-1: Ball 2-1: Called Strike 2-2: Ground out 6-3 (Groundball, 6D, EV 90.6 MPH)
|
Bottom of the 6th over - 1 run, 2 hits, 0 errors, 1 left on base; Tennessee 2 - Reading 14 |
TOP OF THE 7TH |
Tennessee Smokies batting - Pitching for Reading Fightin Phils : RHP Josh Howell
|
Batting: RHB Taylor Garofalo
|
0-0: Fly out, F7 (Flyball, 7LSF, EV 91.2 MPH)
|
Batting: LHB Emir Jalil
|
0-0: Foul Ball, location: 2F 0-1: Called Strike 0-2: Strikes out looking
|
Batting: RHB Dylan Burke
|
0-0: Ball 1-0: Ground out 6-3 (Groundball, 6, EV 91.2 MPH)
|
Top of the 7th over - 0 runs, 0 hits, 0 errors, 0 left on base; Tennessee 2 - Reading 14 |
BOTTOM OF THE 7TH |
Reading Fightin Phils batting - Pitching for Tennessee Smokies : RHP Denis Rachin
|
Batting: RHB David Clough
|
0-0: Called Strike 0-1: SINGLE (Groundball, 4MD, EV 94.4 MPH)
|
Batting: SHB Marco de Leon
|
0-0: Fly out, F5 (Popup, 5F, EV 68.8 MPH)
|
Batting: RHB Victor Arias
|
0-0: Ball 1-0: Ball 2-0: Ball 3-0: SINGLE (Groundball, 5S, EV 68.8 MPH) (infield hit) David Clough to second
|
Batting: RHB Jake Cox
|
0-0: Swinging Strike 0-1: Ball 1-1: Ball 2-1: Foul Ball, location: 2F 2-2: 3-RUN HOME RUN (Line Drive, 9D, EV 99.4 MPH), Distance : 372 ft
|
Pitching: RHP Alvaro Romero
|
|
Batting: RHB Mike Bell
|
0-0: Swinging Strike 0-1: Called Strike 0-2: Ball 1-2: Ball 2-2: Foul Ball, location: 2F 2-2: Strikes out swinging
|
Batting: RHB Chris Myers
|
0-0: Ball 1-0: Foul Ball, location: 2F 1-1: Foul Ball, location: 2F 1-2: Ball 2-2: Ball 3-2: Fly out, F4 (Popup, 3S, EV 81.9 MPH)
|
Bottom of the 7th over - 3 runs, 3 hits, 0 errors, 0 left on base; Tennessee 2 - Reading 17 |
TOP OF THE 8TH |
Tennessee Smokies batting - Pitching for Reading Fightin Phils : RHP Josh Howell
|
Batting: LHB Nate Greening
|
0-0: Called Strike 0-1: Ball 1-1: Ball 2-1: Foul Ball, location: 2F 2-2: Strikes out looking
|
Batting: RHB Du Kim
|
0-0: Called Strike 0-1: Foul Ball, location: 2F 0-2: Ball 1-2: Foul Ball, location: 2F 1-2: Ball 2-2: Strikes out swinging
|
Batting: LHB Daigo Ishii
|
0-0: Ball 1-0: Called Strike 1-1: Called Strike 1-2: Foul Ball, location: 2F 1-2: Ball 2-2: Strikes out looking
|
Top of the 8th over - 0 runs, 0 hits, 0 errors, 0 left on base; Tennessee 2 - Reading 17 |
BOTTOM OF THE 8TH |
Reading Fightin Phils batting - Pitching for Tennessee Smokies : RHP Alvaro Romero
|
Batting: RHB Guan-pei Gao
|
0-0: Foul Ball, location: 2F 0-1: Fly out, F8 (Line Drive, 8LD, EV 96.2 MPH)
|
Batting: RHB Victor Arroyo
|
0-0: Swinging Strike 0-1: Called Strike 0-2: Ball 1-2: Ball 2-2: Ball 3-2: Base on Balls
|
Pitching: RHP Roy Battist
|
|
Batting: RHB John Manocchio
|
0-0: Grounds into double play, 6-4-3 (Groundball, 6, EV 90.6 MPH)
|
Bottom of the 8th over - 0 runs, 0 hits, 0 errors, 0 left on base; Tennessee 2 - Reading 17 |
TOP OF THE 9TH |
Tennessee Smokies batting - Pitching for Reading Fightin Phils : RHP Josh Howell
|
Pitching: RHP Ian Savary
|
|
Batting: RHB Ricky Ramirez
|
0-0: Ball 1-0: Foul Ball, location: 2F 1-1: Ball 2-1: Swinging Strike 2-2: Strikes out swinging
|
Batting: RHB Juan Bonilla
|
0-0: Called Strike 0-1: Ball 1-1: Swinging Strike 1-2: Strikes out swinging
|
Batting: RHB Armando Vilano
|
0-0: Called Strike 0-1: Ball 1-1: Ball 2-1: Foul Ball, location: 2F 2-2: Strikes out looking
|
Top of the 9th over - 0 runs, 0 hits, 0 errors, 0 left on base; Tennessee 2 - Reading 17 |
|